 Dungeon Crawl Stone Soup version 0.29.1-15-g9cfb28693d (webtiles) character file.

Game seed: 13550213851161055521

2097 Descartes the Ruffian (level 9, -1/85 HPs)
             Began as a Troll Transmuter on Mar 28, 2023.
             Slain by a human
             ... wielding a +0 mace
              (6 damage)
             ... on level 6 of the Dungeon.
             The game lasted 00:10:58 (4602 turns).

Descartes the Ruffian (Troll Transmuter)            Turns: 4602, Time: 00:10:58

Health: -1/85      AC:  9    Str: 22    XL:     9   Next: 7%
Magic:  13/13      EV: 11    Int: 11    God:
Gold:   403        SH:  5    Dex: 10    Spells: 14/15 levels left

rFire   . . .      SeeInvis .     - Unarmed
rCold   . . .      Faith    .   (no shield)
rNeg    . . .      Spirit   .   a - +0 robe
rPois   .          Reflect  +   (helmet restricted)
rElec   .          Harm     .   N - +0 cloak
rCorr   .          Rampage  .   (gloves unavailable)
Will    .....                   (boots unavailable)
Stlth   +.........              y - amulet of reflection
HPRegen 1.04/turn               g - +4 ring of protection
MPRegen 0.13/turn               K - +4 ring of slaying

@: no status effects
A: large, unfitting armour, claws 3, regeneration 1, shaggy fur 1, tough skin 1
a: no special abilities


You were on level 6 of the Dungeon.
You visited 1 branch of the dungeon, and saw 7 of its levels.
You also visited: Ossuary.

You collected 403 gold pieces.

Inventory:

Missiles
 h - 5 poisoned darts
 j - 45 stones
 o - a large rock
 r - 6 javelins
 J - a curare-tipped dart
 M - a throwing net
 O - a boomerang
Armour
 a - a +0 robe (worn)
 N - a +0 cloak (worn)
Jewellery
 d - a +6 ring of dexterity
 f - a ring of see invisible
 g - a +4 ring of protection (left claw)
 l - a ring of wizardry
 y - an amulet of reflection (around neck)
 G - a ring of poison resistance
 K - a +4 ring of slaying (right claw)
Wands
 n - a wand of flame (36)
 B - a wand of roots (11)
 P - a wand of paralysis (8)
Scrolls
 e - 7 scrolls of magic mapping
 s - 2 scrolls of enchant weapon {unknown}
 t - 6 scrolls of teleportation
 u - 4 scrolls of silence {unknown}
 v - a scroll of amnesia {unknown}
 x - 3 scrolls of fog
 A - a scroll of poison {unknown}
 D - 2 scrolls of blinking
 H - a scroll of enchant armour {unknown}
 I - 3 scrolls of identify
 L - a scroll of brand weapon {unknown}
Potions
 b - a potion of lignification
 c - 3 potions of mutation
 i - 2 potions of flight {unknown}
 k - a potion of invisibility {unknown}
 m - 3 potions of haste {unknown}
 p - a potion of curing {unknown}
 q - a potion of berserk rage {unknown}
 w - 2 potions of brilliance {unknown}
 z - 2 potions of might {unknown}
 C - 5 potions of attraction {unknown}
 E - 2 potions of heal wounds {unknown}
 F - a potion of cancellation {unknown}


   Skills:
 + Level 4.3 Fighting
 + Level 4.6 Dodging
 + Level 6.1 Unarmed Combat
 + Level 3.5 Spellcasting
 + Level 4.3 Transmutations


You had 14 spell levels left.
You knew the following spells:

 Your Spells              Type           Power      Damage    Failure   Level
a - Beastly Appendage     Tmut           22%        N/A       4%          1

Your spell library contained the following spells:

 Spells                   Type           Power      Damage    Failure   Level
 Wereblood                Tmut           11%        N/A       6%          2
 Spider Form              Tmut/Pois      6%         N/A       30%         3
 Gell's Gravitas          Tloc           1%         N/A       58%         3
 Summon Guardian Golem    Hex/Summ       1%         N/A       58%         3
 Teleport Other           Tloc           1%         N/A       58%         3
 Ice Form                 Ice/Tmut       6%         N/A       71%         4
 Dispersal                Tloc           0%         N/A       100%        6
 Orb of Destruction       Conj           0%         9d5       100%        7
 Spellforged Servitor     Conj/Summ      0%         N/A       100%        7


Dungeon Overview and Level Annotations

Branches:
Dungeon (7/15)            Ossuary (visited)
 Temple: D:4-7

Altars:
Cheibriados
Gozag
Sif Muna
Trog
Yredelemnul

Shops:
D:3 *

Annotations:
D:5 1 transporter, Heoruswealwe's ghost, novice DgHu


Innate Abilities, Weirdness & Mutations

You are too large for most types of armour.
You have claws for hands.
Your natural rate of healing is unusually fast.
You are covered in fur. (AC +1)
You have tough skin. (AC +1)


Message History

You kill the human!
The human hits you with a +0 mace. You block the human's attack.
Your Unarmed Combat skill increases to level 6!
You have reached level 9!
Your experience leads to an increase in your attributes!
Increase (S)trength, (I)ntelligence, or (D)exterity?
You feel stronger. x3
You claw the human!
The human is moderately wounded.
The human hits you with a +0 mace.
You barely miss the human.
The human is moderately wounded.
The human hits you but does no damage. The human hits you with a +0 mace!
* * * LOW HITPOINT WARNING * * *
You claw the human!
The human is severely wounded.
The human closely misses you.
You claw the human!
You kill the human!
The human barely misses you. The human attacks as you move away!
The human hits you with a +0 mace!
* * * LOW HITPOINT WARNING * * *
Things that are here:
a +0 sling; a +0 leather armour; a human corpse You scratch the human.
The human is severely wounded.
The human hits you with a +0 mace!
* * * LOW HITPOINT WARNING * * *
You barely miss the human.
The human is severely wounded.
The human hits you with a +0 mace.
* * * LOW HITPOINT WARNING * * *
You scratch the human.
The human is almost dead.
The human hits you with a +0 mace.
* * * LOW HITPOINT WARNING * * *
You closely miss the human.
The human is almost dead.
The human hits you with a +0 mace.
You die...

#.## ##.# ##...#.###
##.## ##.<# ##....#.#
##.###.#.# ##....##.#
#..#.##.# ##....##..#
#.#..##.###....##...#
#.#...........##...##
#.##.##.###.)##....#
#.#####.#
#)##....#####
#.>...@)#
#)#....####..
#######p#
#.#...#.....# #.#
##...##.##### #.#
#..###.# #.# #.####.#
#.####.###..####
#........#.....##
#.##...#####.....
#.##...#~~~#...#.


You could see a human.

Vanquished Creatures
  2 humans (D:6)
  Edmund (D:4)
  A water moccasin (D:6)
  2 ice beasts
  A sky beast (D:6)
  A black bear (D:6)
  An ogre (D:4)
  A phantom (D:5)
  A kobold brigand (D:5)
  A necrophage (D:6)
  2 scorpions
  3 centaur zombies (Ossuary)
  4 hounds (D:5)
  2 orc priests
  A jelly (D:5)
  A gnoll bouda (D:6)
  2 iguanas (D:5)
  An orc wizard (D:6)
  6 mummies (Ossuary)
  14 gnolls
  8 adders
  A shadow imp (D:6)
  A white imp (D:6)
  2 worms
  2 dart slugs
  12 orcs
  9 endoplasms
  4 giant cockroaches
  8 hobgoblins
  4 jackals
  5 quokkas
  10 ball pythons
  6 bats
  3 frilled lizards
  7 goblins
  6 hobgoblin zombies (Ossuary)
  9 kobolds
  5 rats
150 creatures vanquished.

Vanquished Creatures (others)
  7 fungi (D:6)
7 creatures vanquished.

Grand Total: 157 creatures vanquished

Notes
Turn   | Place    | Note
-------+----------+-------------------------------------------
     0 | D:1      | Descartes the Troll Transmuter began the quest for the Orb.
     0 | D:1      | Reached XP level 1. HP: 18/18 MP: 1/1
   117 | D:1      | Reached skill level 1 in Fighting
   172 | D:1      | Reached XP level 2. HP: 27/27 MP: 3/3
   554 | D:1      | Reached XP level 3. HP: 33/33 MP: 4/4
   579 | D:1      | Found a faded altar of an unknown god.
   977 | D:2      | Found a shimmering blue altar of Sif Muna.
  1317 | D:3      | Reached XP level 4. HP: 36/41 MP: 5/5
  1419 | D:3      | Found Tutedd's Assorted Antiques.
  1875 | D:4      | Noticed an ogre
  1884 | D:4      | Killed an ogre
  1885 | D:4      | Reached XP level 5. HP: 46/49 MP: 6/6
  2058 | D:4      | Reached skill level 4 in Unarmed Combat
  2524 | D:4      | Reached XP level 6. HP: 57/57 MP: 8/8
  2651 | D:5      | Entered Level 5 of the Dungeon
  2651 | D:5      | Noticed an ice beast
  2673 | D:5      | Killed an ice beast
  2714 | D:5      | Found a sand-covered staircase.
  2719 | Ossuary  | Entered an ossuary
  2813 | Ossuary  | Reached XP level 7. HP: 66/66 MP: 9/9
  3008 | D:5      | Noticed Edmund
  3130 | D:4      | Killed Edmund
  3131 | D:4      | Reached skill level 5 in Unarmed Combat
  3276 | D:5      | Reached XP level 8. HP: 75/75 MP: 11/11
  3304 | D:5      | Found a transporter.
  3307 | D:5      | Noticed Heoruswealwe's ghost (novice DgHu)
  3547 | D:5      | Identified the +8 falchion of Reapportionment {venom, Int+3
                  | Dex+3}
  4186 | D:6      | Found a bloodstained altar of Trog.
  4392 | D:6      | Found an opulent altar of Gozag.
  4393 | D:6      | Found a snail-covered altar of Cheibriados.
  4393 | D:6      | Found a basalt altar of Yredelemnul.
  4594 | D:6      | Reached skill level 6 in Unarmed Combat
  4594 | D:6      | Reached XP level 9. HP: 31/84 MP: 13/13
  4601 | D:6      | HP: 4/85 [human/+0 mace (6)]
  4602 | D:6      | Slain by a human

Illustrated notes

Levels and vault maps discovered:
D:1:      sevenhm_arrival_forest_fort_large_2, layout_basic,
          hellmonk_ecumenical_altar_defaced_shrine, minmay_tall_x
D:2:      layout_basic, basic_altar, chequers_serial_rivers_marsh
D:3:      layout_rooms, serial_shops, nicolae_lakefront_shop,
          minmay_goblin_outpost
D:4:      layout_basic
D:5:      layout_cave_pools, enter_ossuary_5, gammafunk_ghost_smash,
          kennysheep_generic_room_12, uniq_edmund
D:6:      layout_loops_ring, minitemple, serial_aquarium, aquarium_bridge_square
          [aquarium_subvault_bridge, aquarium_subvault_wall,
          aquarium_subvault_window, aquarium_subvault_wall], aquarium_window_1,
          aquarium_window_2, aquarium_view_2e, aquarium_pool_split,
          nrook_mini_backslash
D:7:      layout_loops_cross, minmay_temple_entry_mini_moons, minmay_hedge_maze,
          minmay_ruffians

Skill      XL: |  1  2  3  4  5  6  7  8 |
---------------+-------------------------+-----
Fighting       | 1 2 3 4 |  4.3
Dodging        | 2 3 4 |  4.6
Transmutations | 2 3 4 |  4.3
Spellcasting   | 2 3 |  3.5
Unarmed Combat | 4 5 6 |  6.1

Action                   |  1- 3 |  4- 6 |  7- 9 || total
-------------------------+-------+-------+-------++-------
Melee: Unarmed           |   115 |   151 |   225 ||   491
       Punch             |       |     5 |     4 ||     9
  Use: Scroll            |       |     8 |       ||     8
 Stab: Sleeping          |     1 |     1 |       ||     2
Armor: Robe              |    49 |    57 |    88 ||   194
Dodge: Dodged            |    54 |    79 |   125 ||   258
Block: Other             |       |    28 |    57 ||    85
       Reflection        |       |       |     2 ||     2
